Vegas Golden Knights vs Colorado Rockies
(R1)
Created - Wednesday, March 4, 2026 at 07:47
Goals
|
| Vegas Golden Knights |
1 |
3 |
2 |
6 |
| Colorado Rockies |
2 |
1 |
1 |
4 |
|
Shots
|
| Vegas Golden Knights |
5 |
16 |
11 |
32 |
| Colorado Rockies |
9 |
19 |
10 |
38 |
|
1st period
1. Vegas Golden Knights , Sean Monahan 6 (Jared McCann 14, Roman Josi 10) at 2:19
2. Colorado Rockies , Darren Raddysh 5 (Elias Pettersson 22) at 18:08 (PP)
3. Colorado Rockies , Kevin Hayes 4 (Michael Bunting 4, Kyle Connor 12) at 18:22
Penalties :
Casey Cizikas (COL) for Goalie Interference (Minor) at 7:33, Tim Stutzle (COL) for Holding (Minor) at 15:44, Cole Smith (VGK) for Hooking (Minor) at 17:53
2nd period
4. Vegas Golden Knights , Auston Matthews 19 (Mika Zibanejad 25, Thomas Chabot 9) at 0:16
5. Vegas Golden Knights , Reilly Smith 10 (Jordan Staal 16) at 13:09
6. Vegas Golden Knights , Reilly Smith 11 (Jordan Staal 17, Zach Bogosian 9) at 17:07
7. Colorado Rockies , Jesper Bratt 11 (Andrew Peeke 5) at 18:05 (PP)
Penalties :
Bryan Rust (VGK) for Cross-checking (Minor) at 17:29
3rd period
8. Vegas Golden Knights , Anthony Mantha 10 (Mathieu Olivier 8) at 3:07
9. Vegas Golden Knights , Anthony Mantha 11 (Auston Matthews 11, Mika Zibanejad 26) at 3:57 (PP)
10. Colorado Rockies , Nick Schmaltz 8 (Darren Raddysh 13, David Pastrnak 12) at 4:33
Penalties :
Michael Bunting (COL) for Holding (Minor) at 3:18
Goalie Stats
Mackenzie Blackwood (VGK), 34 saves from 38 shots - (0.895), W, 19-3-4, 60:00 minutes
Joey Daccord (COL), 26 saves from 32 shots - (0.813), L, 4-12-2, 60:00 minutes
Players Stats for Vegas Golden Knights
Player Name G A P +/- PIM S H SB GA TA FO MP PP MP PK MP
------------------------------------------------------------------------------------
Anthony Mantha 2 0 2 1 0 3 1 0 1 0 0/0 11:03 2:33 0:00
Auston Matthews 1 1 2 0 0 5 1 0 1 0 0/0 19:02 2:20 0:11
Bryan Rust 0 0 0 0 2 1 0 0 1 0 0/0 19:13 2:20 0:00
Cole Smith 0 0 0 2 2 3 3 0 0 0 0/0 14:09 0:01 0:16
Erik Johnson 0 0 0 -1 0 0 2 2 0 0 0/0 16:34 0:00 0:13
Jared McCann 0 1 1 0 0 2 0 0 1 1 0/0 18:35 2:16 0:00
Jordan Staal 0 2 2 2 0 3 3 0 0 1 5/12 14:18 0:01 0:24
Mathew Barzal 0 0 0 1 0 0 1 0 0 0 1/4 10:56 2:04 0:00
Mathieu Olivier 0 1 1 1 0 0 0 0 0 0 0/0 8:57 0:00 0:27
Mika Zibanejad 0 2 2 0 0 2 3 1 1 1 9/20 18:20 2:20 0:00
Reilly Smith 2 0 2 2 0 4 2 0 1 0 1/3 14:18 0:01 0:24
Roman Josi 0 1 1 2 0 1 0 2 0 0 0/0 18:30 0:00 0:13
Sean Monahan 1 0 1 0 0 5 2 1 1 0 14/27 16:41 2:16 0:00
Shea Theodore 0 0 0 -1 0 0 1 1 0 1 0/0 16:21 0:00 0:00
Thomas Chabot 0 1 1 2 0 2 2 0 0 0 0/0 22:52 2:33 0:38
Travis Hamonic 0 0 0 2 0 0 1 0 0 0 0/0 19:41 0:00 0:00
Tyler Toffoli 0 0 0 0 0 1 2 3 1 0 0/1 18:25 2:16 0:00
Zach Bogosian 0 1 1 2 0 0 1 1 0 0 0/0 21:12 2:04 0:38
Players Stats for Colorado Rockies
Player Name G A P +/- PIM S H SB GA TA FO MP PP MP PK MP
------------------------------------------------------------------------------------
Andrew Peeke 0 1 1 -1 0 1 1 2 0 2 0/0 19:53 0:21 2:06
Cam Fowler 0 0 0 -2 0 2 0 5 0 1 0/0 21:05 0:30 2:06
Casey Cizikas 0 0 0 0 2 2 3 3 0 0 6/6 15:32 0:00 1:10
Danton Heinen 0 0 0 0 0 3 1 0 0 0 0/1 14:36 0:27 0:00
Darren Raddysh 1 1 2 0 0 1 1 3 0 1 0/0 21:10 0:30 2:31
David Pastrnak 0 1 1 0 0 0 0 1 0 0 0/0 14:09 0:00 0:00
Elias Pettersson 0 1 1 0 0 5 0 0 2 0 10/20 16:12 0:27 2:04
Jesper Bratt 1 0 1 -2 0 2 1 0 0 0 0/1 15:35 0:24 2:23
Kevin Hayes 1 0 1 -1 0 2 1 0 1 0 8/17 14:37 0:00 0:43
Kyle Connor 0 1 1 -1 0 3 4 0 0 0 2/4 13:50 0:00 0:00
Martin Fehervary 0 0 0 -1 0 0 3 3 0 1 0/0 17:54 0:00 0:00
Michael Bunting 0 1 1 -1 2 3 0 0 0 0 0/0 14:16 0:27 0:00
Nick Schmaltz 1 0 1 0 0 5 2 1 1 1 3/4 15:54 0:00 2:23
Pavel Dorofeyev 0 0 0 0 0 2 2 2 0 1 0/0 13:55 0:24 0:00
Philipp Kurashev 0 0 0 -2 0 2 0 0 0 0 0/0 12:48 0:00 0:00
Quinn Hughes 0 0 0 -2 0 3 0 1 0 1 0/0 19:18 0:21 0:00
Tim Stutzle 0 0 0 -2 2 2 2 0 0 0 8/14 13:56 0:24 0:31
Vince Dunn 0 0 0 0 0 0 1 0 0 0 0/0 20:40 0:00 2:31
3 Stars
1 - Reilly Smith (VGK)
2 - Anthony Mantha (VGK)
3 - Jordan Staal (VGK)
Power Play
Vegas Golden Knights - 1 on 3 Attempt(s) - 33.33%
Colorado Rockies - 2 on 2 Attempt(s) - 100.00%
Penalty Kill
Vegas Golden Knights - 0 on 2 Attempt(s) - 0.00%
- Score 0 goal in Penalty Kill
Colorado Rockies - 2 on 3 Attempt(s) - 66.67%
- Score 0 goal in Penalty Kill
Team Stat
Vegas Golden Knights - Hits : 25 - Faceoff Wins : 30 - Blocked Shots : 11 - Penalty Minutes : 4
Colorado Rockies - Hits : 22 - Faceoff Wins : 37 - Blocked Shots : 21 - Penalty Minutes : 6
Official
Referees : Garrett Rank and Tj Luxmore
Linesman : Justin Johnson and Brandon Gawryletz
Game Notes
Sean Monahan is injured at 12:45 of 3rd period (Strained Right Elbow)
Finance
Level 1 -- Attendance: 5275 (87.92%) -- Ticket Income $474,750
Level 2 -- Attendance: 4262 (85.24%) -- Ticket Income $234,410
Level 3 -- Attendance: 2194 (73.13%) -- Ticket Income $76,790
Level 4 -- Attendance: 3350 (67.00%) -- Ticket Income $83,750
Luxury Box -- Attendance: 991 (99.10%) -- Ticket Income $173,425
Game was played at the Pepsi Center.
Total Attendance: 16072 (80.36%)
Total Ticket Income: $1,043,125
Other Income: $365,094
Total Income: $1,408,219
Vegas Golden Knights
5 vs 5 Forward
Center Left Wing Right Wing Time % Phy DF OF
1 Mika Zibanejad Auston Matthews Bryan Rust 30 1 2 2
2 Sean Monahan Jared McCann Tyler Toffoli 30 1 2 2
3 Jordan Staal Cole Smith Reilly Smith 25 1 2 2
4 Mathew Barzal Anthony Mantha Mathieu Olivier 15 1 2 2
5 vs 5 Defense
Defense Defense Time % Phy DF OF
1 Roman Josi Zach Bogosian 35 1 2 2
2 Thomas Chabot Travis Hamonic 35 1 2 2
3 Shea Theodore Erik Johnson 30 1 2 2
4 Zach Bogosian Thomas Chabot 0 1 2 2
PowerPlay Forward
Center Left Wing Right Wing Time % Phy DF OF
1 Mika Zibanejad Auston Matthews Bryan Rust 50 1 2 2
2 Sean Monahan Jared McCann Tyler Toffoli 50 1 2 2
PowerPlay Defense
Defense Defense Time % Phy DF OF
1 Mathew Barzal Zach Bogosian 50 1 2 2
2 Anthony Mantha Thomas Chabot 50 1 2 2
Penalty Kill 4 Players Forward
Center Wing Time % Phy DF OF
1 Jordan Staal Reilly Smith 50 1 2 2
2 Cole Smith Mathieu Olivier 50 1 2 2
Penalty Kill 4 Players Defense
Defense Defense Time % Phy DF OF
1 Thomas Chabot Zach Bogosian 50 1 2 2
2 Roman Josi Erik Johnson 50 1 2 2
Penalty Kill - 3 Players Forward
Forward Time % Phy DF OF
1 Jordan Staal 50 1 2 2
2 Cole Smith 50 1 2 2
Penalty Kill - 3 Players Defense
Defense Defense Time % Phy DF OF
1 Thomas Chabot Zach Bogosian 50 1 2 2
2 Travis Hamonic Erik Johnson 50 1 2 2
4 vs 4 Forward
Center Wing Time % Phy DF OF
1 Mika Zibanejad Auston Matthews 50 1 2 2
2 Jordan Staal Bryan Rust 50 1 2 2
4 vs 4 Defense
Defense Defense Time % Phy DF OF
1 Erik Johnson Zach Bogosian 50 1 2 2
2 Thomas Chabot Travis Hamonic 50 1 2 2
Last Minutes Offensive
Center Left Wing Right Wing Defense Defense
Mika Zibanejad Auston Matthews Bryan Rust Roman Josi Thomas Chabot
Last Minutes Defensive
Center Left Wing Right Wing Defense Defense
Jordan Staal Auston Matthews Bryan Rust Thomas Chabot Zach Bogosian
Goaltenders
Starting : Mackenzie Blackwood
Backup : Philipp Grubauer
Extra Forwards
Normal : Bryan Rust, Auston Matthews, Mika Zibanejad - PP : Jordan Staal, Reilly Smith - PK : Auston Matthews
Extra Defensemen
Normal : Thomas Chabot, Erik Johnson, Zach Bogosian - PP : Thomas Chabot - PK : Zach Bogosian, Thomas Chabot
Penalty Shots
Auston Matthews, Mika Zibanejad, Bryan Rust, Jordan Staal, Tyler Toffoli
Scratches
Brendan Smith (Healthy), Jack Johnson (Healthy), Andreas Athanasiou (Healthy)
Colorado Rockies
5 vs 5 Forward
Center Left Wing Right Wing Time % Phy DF OF
1 Elias Pettersson Nick Schmaltz Pavel Dorofeyev 25 3 1 1
2 Tim Stutzle Jesper Bratt Philipp Kurashev 25 1 3 1
3 Kevin Hayes Kyle Connor Michael Bunting 25 1 3 1
4 Casey Cizikas Danton Heinen David Pastrnak 25 1 3 1
5 vs 5 Defense
Defense Defense Time % Phy DF OF
1 Vince Dunn Darren Raddysh 33 1 0 4
2 Cam Fowler Quinn Hughes 33 1 3 1
3 Martin Fehervary Andrew Peeke 33 3 1 1
4 Martin Fehervary Quinn Hughes 1 1 2 2
PowerPlay Forward
Center Left Wing Right Wing Time % Phy DF OF
1 Tim Stutzle Jesper Bratt Pavel Dorofeyev 50 1 0 4
2 Elias Pettersson Danton Heinen Michael Bunting 50 1 2 2
PowerPlay Defense
Defense Defense Time % Phy DF OF
1 Andrew Peeke Quinn Hughes 50 1 3 1
2 Cam Fowler Darren Raddysh 50 1 2 2
Penalty Kill 4 Players Forward
Center Wing Time % Phy DF OF
1 Nick Schmaltz Jesper Bratt 50 1 2 2
2 Casey Cizikas Elias Pettersson 50 1 2 2
Penalty Kill 4 Players Defense
Defense Defense Time % Phy DF OF
1 Vince Dunn Darren Raddysh 50 1 2 2
2 Cam Fowler Andrew Peeke 50 1 2 2
Penalty Kill - 3 Players Forward
Forward Time % Phy DF OF
1 Tim Stutzle 50 1 2 2
2 Casey Cizikas 50 1 2 2
Penalty Kill - 3 Players Defense
Defense Defense Time % Phy DF OF
1 Vince Dunn Darren Raddysh 50 1 2 2
2 Cam Fowler Andrew Peeke 50 1 2 2
4 vs 4 Forward
Center Wing Time % Phy DF OF
1 Tim Stutzle Casey Cizikas 50 1 2 2
2 Elias Pettersson Danton Heinen 50 1 2 2
4 vs 4 Defense
Defense Defense Time % Phy DF OF
1 Martin Fehervary Quinn Hughes 50 1 2 2
2 Cam Fowler Andrew Peeke 50 1 2 2
Last Minutes Offensive
Center Left Wing Right Wing Defense Defense
Tim Stutzle Kyle Connor David Pastrnak Martin Fehervary Darren Raddysh
Last Minutes Defensive
Center Left Wing Right Wing Defense Defense
Tim Stutzle Kyle Connor David Pastrnak Martin Fehervary Darren Raddysh
Goaltenders
Starting : Joey Daccord
Backup : Arvid Soderblom
Extra Forwards
Normal : Pavel Dorofeyev, Michael Bunting, Kevin Hayes - PP : Pavel Dorofeyev, Michael Bunting - PK : Kevin Hayes
Extra Defensemen
Normal : Vince Dunn, Darren Raddysh, Cam Fowler - PP : Vince Dunn - PK : Darren Raddysh, Cam Fowler
Penalty Shots
Tim Stutzle, David Pastrnak, Kyle Connor, Elias Pettersson, Jesper Bratt
Scratches
None
% Time on Ice - Vegas Golden Knights
Lines # - Real PCT - Wanted PCT - Time Play
Normal Forward
1 - 29% - 30% - 16:02
2 - 30% - 30% - 16:09
3 - 25% - 25% - 13:51
4 - 16% - 15% - 8:30
Normal Defense
1 - 34% - 35% - 18:30
2 - 36% - 35% - 19:41
3 - 30% - 30% - 16:21
4 - 0% - 0% - 0:00
PP Forward
1 - 51% - 50% - 2:21
2 - 49% - 50% - 2:16
PP Defense
1 - 45% - 50% - 2:04
2 - 55% - 50% - 2:33
PK Forward
1 - 47% - 50% - 0:24
2 - 53% - 50% - 0:27
PK Defense
1 - 75% - 50% - 0:38
2 - 25% - 50% - 0:13
PK3 Forward
1 - 0% - 50%
2 - 0% - 50%
PK3 Defense
1 - 0% - 50%
2 - 0% - 50%
44 Forward
1 - 0% - 50%
2 - 0% - 50%
44 Defense
1 - 0% - 50%
2 - 0% - 50%
Last Minute Offensive - 0:00
Last Minute Defensive - 0:00
Total
Forward - 60:00
Defense - 60:00
|
% Time on Ice - Colorado Rockies
Lines # - Real PCT - Wanted PCT - Time Play
Normal Forward
1 - 25% - 25% - 13:31
2 - 24% - 25% - 13:02
3 - 25% - 25% - 13:50
4 - 26% - 25% - 14:09
Normal Defense
1 - 33% - 33% - 18:09
2 - 34% - 33% - 18:29
3 - 32% - 33% - 17:26
4 - 1% - 1% - 0:28
PP Forward
1 - 47% - 50% - 0:24
2 - 53% - 50% - 0:27
PP Defense
1 - 41% - 50% - 0:21
2 - 59% - 50% - 0:30
PK Forward
1 - 52% - 50% - 2:23
2 - 48% - 50% - 2:14
PK Defense
1 - 55% - 50% - 2:31
2 - 45% - 50% - 2:06
PK3 Forward
1 - 0% - 50%
2 - 0% - 50%
PK3 Defense
1 - 0% - 50%
2 - 0% - 50%
44 Forward
1 - 0% - 50%
2 - 0% - 50%
44 Defense
1 - 0% - 50%
2 - 0% - 50%
Last Minute Offensive - 0:00
Last Minute Defensive - 0:00
Total
Forward - 60:00
Defense - 60:00
|
Play-by-Play
1st period
0:01 of 1st period - Elias Pettersson wins face-off versus Mika Zibanejad in neutral zone.
0:26 of 1st period - Jared McCann is hit by Tim Stutzle and loses puck.
2:07 of 1st period - Snap shot by Pavel Dorofeyev.
2:07 of 1st period - Shot Misses the Net.
2:19 of 1st period - Wrist shot by Sean Monahan.
2:19 of 1st period - Goal by Sean Monahan - Vegas Golden Knights : 1 - Colorado Rockies : 0.
2:20 of 1st period - Sean Monahan wins face-off versus Tim Stutzle in neutral zone.
2:49 of 1st period - Michael Bunting is hit by Mika Zibanejad and loses puck.
2:54 of 1st period - Snap shot by Bryan Rust.
2:54 of 1st period - Shot Misses the Net.
2:56 of 1st period - Snap shot by Travis Hamonic.
2:56 of 1st period - Shot Blocked by Andrew Peeke.
3:18 of 1st period - Martin Fehervary is hit by Reilly Smith and loses puck.
3:36 of 1st period - Icing by Shea Theodore.
3:37 of 1st period - Mathew Barzal wins face-off versus Danton Heinen in Vegas Golden Knights zone.
3:37 of 1st period - Mathew Barzal is hit by Casey Cizikas.
4:08 of 1st period - Vince Dunn is hit by Auston Matthews and loses puck.
5:28 of 1st period - Snap shot by Bryan Rust.
5:28 of 1st period - Shot Blocked by Cam Fowler.
5:30 of 1st period - Wrist shot by Auston Matthews.
5:30 of 1st period - Shot Blocked by Cam Fowler.
6:10 of 1st period - Slapshot by Jordan Staal.
6:10 of 1st period - Shot Misses the Net.
6:12 of 1st period - Slapshot by Shea Theodore.
6:12 of 1st period - Shot Blocked by Andrew Peeke.
6:14 of 1st period - Snap shot by Cole Smith.
6:14 of 1st period - Stopped by Joey Daccord without a rebound.
6:15 of 1st period - Casey Cizikas wins face-off versus Reilly Smith in Colorado Rockies zone.
6:26 of 1st period - Snap shot by Jordan Staal.
6:26 of 1st period - Shot Misses the Net.
6:28 of 1st period - Snap shot by Reilly Smith.
6:28 of 1st period - Shot Blocked by David Pastrnak.
6:30 of 1st period - Slapshot by Thomas Chabot.
6:30 of 1st period - Shot Misses the Net.
6:32 of 1st period - Slapshot by Thomas Chabot.
6:32 of 1st period - Shot Misses the Net.
6:34 of 1st period - Slapshot by Thomas Chabot.
6:34 of 1st period - Shot Blocked by Casey Cizikas.
6:46 of 1st period - Snap shot by Jordan Staal.
6:46 of 1st period - Shot Blocked by Martin Fehervary.
6:48 of 1st period - Wrist shot by Cole Smith.
6:48 of 1st period - Shot Misses the Net.
6:50 of 1st period - Snap shot by Jordan Staal.
6:50 of 1st period - Shot Blocked by Casey Cizikas.
6:56 of 1st period - Snap shot by Jordan Staal.
6:56 of 1st period - Shot Misses the Net.
7:33 of 1st period - Minor Penalty to Casey Cizikas for Goalie Interference.
7:34 of 1st period - Nick Schmaltz wins face-off versus Mika Zibanejad in Colorado Rockies zone.
8:00 of 1st period - Sean Monahan is hit by Vince Dunn and loses puck.
8:11 of 1st period - Kevin Hayes is hit by Tyler Toffoli and loses puck.
9:33 of 1st period - Penalty to Casey Cizikas is over, Casey Cizikas is back on ice.
9:54 of 1st period - Cole Smith is hit by Casey Cizikas and loses puck.
10:52 of 1st period - Casey Cizikas is hit by Cole Smith and loses puck.
11:29 of 1st period - Snap shot by Elias Pettersson.
11:29 of 1st period - Stopped by Mackenzie Blackwood without a rebound.
11:30 of 1st period - Sean Monahan wins face-off versus Elias Pettersson in Vegas Golden Knights zone.
11:39 of 1st period - Wrist shot by Nick Schmaltz.
11:39 of 1st period - Stopped by Mackenzie Blackwood without a rebound.
11:40 of 1st period - Mika Zibanejad wins face-off versus Kevin Hayes in Vegas Golden Knights zone.
12:01 of 1st period - Jesper Bratt is hit by Erik Johnson and loses puck.
12:09 of 1st period - Icing by Darren Raddysh.
12:10 of 1st period - Elias Pettersson wins face-off versus Mathew Barzal in Colorado Rockies zone.
12:23 of 1st period - Wrist shot by Elias Pettersson.
12:23 of 1st period - Shot Misses the Net.
13:38 of 1st period - Snap shot by Jared McCann.
13:38 of 1st period - Shot Misses the Net.
13:42 of 1st period - Snap shot by Sean Monahan.
13:42 of 1st period - Shot Misses the Net.
13:44 of 1st period - Snap shot by Tyler Toffoli.
13:44 of 1st period - Shot Misses the Net.
13:46 of 1st period - Slapshot by Sean Monahan.
13:46 of 1st period - Stopped by Joey Daccord without a rebound.
13:47 of 1st period - Tim Stutzle wins face-off versus Mika Zibanejad in Colorado Rockies zone.
13:58 of 1st period - Snap shot by Tim Stutzle.
13:58 of 1st period - Stopped by Mackenzie Blackwood with a rebound.
14:00 of 1st period - Wrist shot by Philipp Kurashev.
14:00 of 1st period - Stopped by Mackenzie Blackwood without a rebound.
14:01 of 1st period - Kevin Hayes wins face-off versus Sean Monahan in Vegas Golden Knights zone.
14:08 of 1st period - Snap shot by Michael Bunting.
14:08 of 1st period - Stopped by Mackenzie Blackwood without a rebound.
14:09 of 1st period - Sean Monahan wins face-off versus Kevin Hayes in Vegas Golden Knights zone.
14:18 of 1st period - Snap shot by Jared McCann.
14:18 of 1st period - Stopped by Joey Daccord with a rebound.
14:41 of 1st period - Icing by Thomas Chabot.
14:42 of 1st period - Sean Monahan wins face-off versus Tim Stutzle in Vegas Golden Knights zone.
14:57 of 1st period - Wrist shot by Tim Stutzle.
14:57 of 1st period - Shot Misses the Net.
14:59 of 1st period - Snap shot by Jesper Bratt.
14:59 of 1st period - Stopped by Mackenzie Blackwood without a rebound.
15:00 of 1st period - Mika Zibanejad wins face-off versus Elias Pettersson in Vegas Golden Knights zone.
15:27 of 1st period - Jesper Bratt is hit by Cole Smith and loses puck.
15:34 of 1st period - Slapshot by Reilly Smith.
15:34 of 1st period - Shot Misses the Net.
15:36 of 1st period - Slapshot by Shea Theodore.
15:36 of 1st period - Shot Blocked by Martin Fehervary.
15:44 of 1st period - Minor Penalty to Tim Stutzle for Holding.
15:45 of 1st period - Nick Schmaltz wins face-off versus Sean Monahan in Colorado Rockies zone.
16:46 of 1st period - Cam Fowler is hit by Sean Monahan and loses puck.
17:13 of 1st period - Andrew Peeke is hit by Thomas Chabot.
17:44 of 1st period - Penalty to Tim Stutzle is over, Tim Stutzle is back on ice.
17:53 of 1st period - Minor Penalty to Cole Smith for Hooking.
17:54 of 1st period - Jordan Staal wins face-off versus Jesper Bratt in Vegas Golden Knights zone.
18:06 of 1st period - Snap shot by Jesper Bratt.
18:06 of 1st period - Deflect By Roman Josi.
18:06 of 1st period - Shot Misses the Net.
18:06 of 1st period - Puck is out of play.
18:07 of 1st period - Elias Pettersson wins face-off versus Jordan Staal in Vegas Golden Knights zone.
18:08 of 1st period - Snap shot by Darren Raddysh.
18:08 of 1st period - Goal by Darren Raddysh - Vegas Golden Knights : 1 - Colorado Rockies : 1.
18:09 of 1st period - Kevin Hayes wins face-off versus Mika Zibanejad in neutral zone.
18:16 of 1st period - Snap shot by Kyle Connor.
18:16 of 1st period - Stopped by Mackenzie Blackwood without a rebound.
18:17 of 1st period - Kevin Hayes wins face-off versus Mika Zibanejad in Vegas Golden Knights zone.
18:20 of 1st period - Snap shot by Michael Bunting.
18:20 of 1st period - Shot Misses the Net.
18:22 of 1st period - Snap shot by Kevin Hayes.
18:22 of 1st period - Goal by Kevin Hayes - Vegas Golden Knights : 1 - Colorado Rockies : 2.
18:23 of 1st period - Elias Pettersson wins face-off versus Mika Zibanejad in neutral zone.
18:34 of 1st period - Snap shot by Auston Matthews.
18:34 of 1st period - Shot Blocked by Cam Fowler.
18:36 of 1st period - Slapshot by Roman Josi.
18:36 of 1st period - Stopped by Joey Daccord without a rebound.
18:37 of 1st period - Sean Monahan wins face-off versus Kyle Connor in Colorado Rockies zone.
19:02 of 1st period - Casey Cizikas is hit by Travis Hamonic and loses puck.
19:47 of 1st period - Snap shot by Kyle Connor.
19:47 of 1st period - Shot Blocked by Roman Josi.
Goals for this period are 1 for Vegas Golden Knights vs 2 for Colorado Rockies.
Shots for this period are 5 for Vegas Golden Knights vs 9 for Colorado Rockies.
2nd period
0:01 of 2nd period - Mika Zibanejad wins face-off versus Tim Stutzle in neutral zone.
0:10 of 2nd period - Snap shot by Bryan Rust.
0:10 of 2nd period - Stopped by Joey Daccord with a rebound.
0:12 of 2nd period - Snap shot by Thomas Chabot.
0:12 of 2nd period - Shot Misses the Net.
0:14 of 2nd period - Snap shot by Mika Zibanejad.
0:14 of 2nd period - Shot Misses the Net.
0:16 of 2nd period - Snap shot by Auston Matthews.
0:16 of 2nd period - Goal by Auston Matthews - Vegas Golden Knights : 2 - Colorado Rockies : 2.
0:17 of 2nd period - Casey Cizikas wins face-off versus Sean Monahan in neutral zone.
0:29 of 2nd period - Off-side.
0:30 of 2nd period - Elias Pettersson wins face-off versus Sean Monahan in neutral zone.
0:33 of 2nd period - Snap shot by Nick Schmaltz.
0:33 of 2nd period - Stopped by Mackenzie Blackwood without a rebound.
0:34 of 2nd period - Elias Pettersson wins face-off versus Sean Monahan in Vegas Golden Knights zone.
0:35 of 2nd period - Snap shot by Nick Schmaltz.
0:35 of 2nd period - Shot Blocked by Tyler Toffoli.
0:45 of 2nd period - Slapshot by Sean Monahan.
0:45 of 2nd period - Shot Misses the Net.
0:47 of 2nd period - Snap shot by Jared McCann.
0:47 of 2nd period - Shot Misses the Net.
0:49 of 2nd period - Snap shot by Sean Monahan.
0:49 of 2nd period - Stopped by Joey Daccord without a rebound.
0:50 of 2nd period - Tim Stutzle wins face-off versus Mika Zibanejad in Colorado Rockies zone.
1:01 of 2nd period - Auston Matthews is hit by Tim Stutzle and loses puck.
1:46 of 2nd period - Snap shot by Nick Schmaltz.
1:46 of 2nd period - Shot Misses the Net.
1:48 of 2nd period - Snap shot by Nick Schmaltz.
1:48 of 2nd period - Stopped by Mackenzie Blackwood with a rebound.
1:50 of 2nd period - Wrist shot by Pavel Dorofeyev.
1:50 of 2nd period - Shot Misses the Net.
1:52 of 2nd period - Backhand shot by Elias Pettersson.
1:52 of 2nd period - Stopped by Mackenzie Blackwood with a rebound.
1:54 of 2nd period - Wrist shot by Nick Schmaltz.
1:54 of 2nd period - Shot Misses the Net.
2:06 of 2nd period - Wrist shot by Casey Cizikas.
2:06 of 2nd period - Stopped by Mackenzie Blackwood without a rebound.
2:07 of 2nd period - Casey Cizikas wins face-off versus Jordan Staal in Vegas Golden Knights zone.
2:54 of 2nd period - Wrist shot by Auston Matthews.
2:54 of 2nd period - Stopped by Joey Daccord without a rebound.
2:55 of 2nd period - Tim Stutzle wins face-off versus Tyler Toffoli in Colorado Rockies zone.
3:10 of 2nd period - Wrist shot by Jared McCann.
3:10 of 2nd period - Stopped by Joey Daccord with a rebound.
3:52 of 2nd period - Wrist shot by Elias Pettersson.
3:52 of 2nd period - Stopped by Mackenzie Blackwood without a rebound.
3:53 of 2nd period - Kyle Connor wins face-off versus Sean Monahan in Vegas Golden Knights zone.
3:58 of 2nd period - Snap shot by Kyle Connor.
3:58 of 2nd period - Stopped by Mackenzie Blackwood without a rebound.
3:59 of 2nd period - Kevin Hayes wins face-off versus Sean Monahan in Vegas Golden Knights zone.
4:37 of 2nd period - Off-side.
4:38 of 2nd period - Sean Monahan wins face-off versus Elias Pettersson in neutral zone.
4:45 of 2nd period - Slapshot by Sean Monahan.
4:45 of 2nd period - Stopped by Joey Daccord without a rebound.
4:46 of 2nd period - Elias Pettersson wins face-off versus Sean Monahan in Colorado Rockies zone.
4:51 of 2nd period - Wrist shot by Elias Pettersson.
4:51 of 2nd period - Shot Blocked by Tyler Toffoli.
4:53 of 2nd period - Slapshot by Nick Schmaltz.
4:53 of 2nd period - Stopped by Mackenzie Blackwood without a rebound.
4:54 of 2nd period - Mika Zibanejad wins face-off versus Tim Stutzle in Vegas Golden Knights zone.
5:07 of 2nd period - Snap shot by Mika Zibanejad.
5:07 of 2nd period - Shot Misses the Net.
5:21 of 2nd period - Auston Matthews is hit by Martin Fehervary.
5:31 of 2nd period - Snap shot by Quinn Hughes.
5:31 of 2nd period - Stopped by Mackenzie Blackwood without a rebound.
5:32 of 2nd period - Kevin Hayes wins face-off versus Sean Monahan in Vegas Golden Knights zone.
5:35 of 2nd period - Snap shot by Kyle Connor.
5:35 of 2nd period - Shot Misses the Net.
6:31 of 2nd period - Snap shot by Jesper Bratt.
6:31 of 2nd period - Shot Blocked by Zach Bogosian.
6:46 of 2nd period - Martin Fehervary is hit by Anthony Mantha and loses puck.
7:01 of 2nd period - Wrist shot by Mathew Barzal.
7:01 of 2nd period - Shot Hit the Post.
7:07 of 2nd period - Snap shot by Anthony Mantha.
7:07 of 2nd period - Stopped by Joey Daccord without a rebound.
7:08 of 2nd period - Mika Zibanejad wins face-off versus Kyle Connor in Colorado Rockies zone.
7:09 of 2nd period - Wrist shot by Auston Matthews.
7:09 of 2nd period - Stopped by Joey Daccord with a rebound.
7:15 of 2nd period - Wrist shot by Kyle Connor.
7:15 of 2nd period - Stopped by Mackenzie Blackwood with a rebound.
7:17 of 2nd period - Slapshot by Michael Bunting.
7:17 of 2nd period - Shot Misses the Net.
7:19 of 2nd period - Backhand shot by Vince Dunn.
7:19 of 2nd period - Shot Blocked by Mika Zibanejad.
7:50 of 2nd period - Snap shot by Mika Zibanejad.
7:50 of 2nd period - Shot Blocked by Darren Raddysh.
8:04 of 2nd period - Slapshot by Bryan Rust.
8:04 of 2nd period - Shot Misses the Net.
8:37 of 2nd period - Snap shot by Mika Zibanejad.
8:37 of 2nd period - Stopped by Joey Daccord without a rebound.
8:38 of 2nd period - Sean Monahan wins face-off versus Elias Pettersson in Colorado Rockies zone.
8:39 of 2nd period - Slapshot by Jared McCann.
8:39 of 2nd period - Shot Misses the Net.
9:10 of 2nd period - Slapshot by Thomas Chabot.
9:10 of 2nd period - Shot Blocked by Cam Fowler.
9:12 of 2nd period - Slapshot by Thomas Chabot.
9:12 of 2nd period - Shot Misses the Net.
9:14 of 2nd period - Slapshot by Thomas Chabot.
9:14 of 2nd period - Shot Blocked by Quinn Hughes.
9:16 of 2nd period - Wrist shot by Sean Monahan.
9:16 of 2nd period - Stopped by Joey Daccord with a rebound.
9:56 of 2nd period - Slapshot by Quinn Hughes.
9:56 of 2nd period - Stopped by Mackenzie Blackwood without a rebound.
9:57 of 2nd period - Jordan Staal wins face-off versus Kevin Hayes in Vegas Golden Knights zone.
10:04 of 2nd period - Andrew Peeke is hit by Jordan Staal and loses puck.
10:23 of 2nd period - Anthony Mantha is hit by Nick Schmaltz and loses puck.
10:43 of 2nd period - Off-side.
10:44 of 2nd period - Tim Stutzle wins face-off versus Mika Zibanejad in neutral zone.
11:13 of 2nd period - Snap shot by Jordan Staal.
11:13 of 2nd period - Shot Misses the Net.
11:23 of 2nd period - Cole Smith is hit by Kevin Hayes and loses puck.
11:36 of 2nd period - Snap shot by Danton Heinen.
11:36 of 2nd period - Deflect By Casey Cizikas.
11:36 of 2nd period - Stopped by Mackenzie Blackwood with a rebound.
11:38 of 2nd period - Slapshot by Andrew Peeke.
11:38 of 2nd period - Shot Misses the Net.
11:44 of 2nd period - Snap shot by Danton Heinen.
11:44 of 2nd period - Stopped by Mackenzie Blackwood with a rebound.
11:46 of 2nd period - Slapshot by Andrew Peeke.
11:46 of 2nd period - Stopped by Mackenzie Blackwood without a rebound.
11:47 of 2nd period - Nick Schmaltz wins face-off versus Sean Monahan in Vegas Golden Knights zone.
11:48 of 2nd period - Slapshot by Elias Pettersson.
11:48 of 2nd period - Shot Misses the Net.
12:14 of 2nd period - Bryan Rust is hit by Kyle Connor and loses puck.
12:21 of 2nd period - Wrist shot by Michael Bunting.
12:21 of 2nd period - Stopped by Mackenzie Blackwood without a rebound.
12:22 of 2nd period - Kyle Connor wins face-off versus Sean Monahan in Vegas Golden Knights zone.
12:32 of 2nd period - Icing by Erik Johnson.
12:33 of 2nd period - Elias Pettersson wins face-off versus Sean Monahan in Vegas Golden Knights zone.
12:36 of 2nd period - Slapshot by Pavel Dorofeyev.
12:36 of 2nd period - Stopped by Mackenzie Blackwood without a rebound.
12:37 of 2nd period - Sean Monahan wins face-off versus Elias Pettersson in Vegas Golden Knights zone.
13:09 of 2nd period - Wrist shot by Reilly Smith.
13:09 of 2nd period - Goal by Reilly Smith - Vegas Golden Knights : 3 - Colorado Rockies : 2.
13:10 of 2nd period - Mika Zibanejad wins face-off versus Elias Pettersson in neutral zone.
13:37 of 2nd period - Jordan Staal is hit by Danton Heinen.
13:43 of 2nd period - Casey Cizikas is hit by Cole Smith and loses puck.
14:21 of 2nd period - Kevin Hayes is hit by Erik Johnson and loses puck.
14:38 of 2nd period - Mathieu Olivier is hit by Nick Schmaltz and loses puck.
15:32 of 2nd period - Reilly Smith is hit by Martin Fehervary and loses puck.
16:29 of 2nd period - Wrist shot by Elias Pettersson.
16:29 of 2nd period - Stopped by Mackenzie Blackwood with a rebound.
16:51 of 2nd period - Snap shot by Reilly Smith.
16:51 of 2nd period - Shot Misses the Net.
16:53 of 2nd period - Slapshot by Thomas Chabot.
16:53 of 2nd period - Deflect By Tim Stutzle.
16:53 of 2nd period - Stopped by Joey Daccord without a rebound.
16:54 of 2nd period - Kevin Hayes wins face-off versus Reilly Smith in Colorado Rockies zone.
16:59 of 2nd period - Wrist shot by Reilly Smith.
16:59 of 2nd period - Shot Misses the Net.
17:01 of 2nd period - Snap shot by Jordan Staal.
17:01 of 2nd period - Shot Misses the Net.
17:05 of 2nd period - Slapshot by Jordan Staal.
17:05 of 2nd period - Stopped by Joey Daccord with a rebound.
17:07 of 2nd period - Wrist shot by Reilly Smith.
17:07 of 2nd period - Goal by Reilly Smith - Vegas Golden Knights : 4 - Colorado Rockies : 2.
17:08 of 2nd period - Kevin Hayes wins face-off versus Mika Zibanejad in neutral zone.
17:29 of 2nd period - Minor Penalty to Bryan Rust for Cross-checking.
17:30 of 2nd period - Jordan Staal wins face-off versus Elias Pettersson in Vegas Golden Knights zone.
18:05 of 2nd period - Wrist shot by Jesper Bratt.
18:05 of 2nd period - Goal by Jesper Bratt - Vegas Golden Knights : 4 - Colorado Rockies : 3.
18:06 of 2nd period - Casey Cizikas wins face-off versus Sean Monahan in neutral zone.
18:31 of 2nd period - Zach Bogosian is hit by Pavel Dorofeyev and loses puck.
18:56 of 2nd period - Snap shot by Tim Stutzle.
18:56 of 2nd period - Stopped by Mackenzie Blackwood with a rebound.
18:58 of 2nd period - Snap shot by Philipp Kurashev.
18:58 of 2nd period - Stopped by Mackenzie Blackwood without a rebound.
18:59 of 2nd period - Tim Stutzle wins face-off versus Jordan Staal in Vegas Golden Knights zone.
19:12 of 2nd period - Snap shot by Cole Smith.
19:12 of 2nd period - Stopped by Joey Daccord without a rebound.
19:13 of 2nd period - Mika Zibanejad wins face-off versus Kevin Hayes in Colorado Rockies zone.
19:22 of 2nd period - Wrist shot by Mika Zibanejad.
19:22 of 2nd period - Shot Blocked by Martin Fehervary.
19:40 of 2nd period - Andrew Peeke is hit by Zach Bogosian and loses puck.
19:46 of 2nd period - Off-side.
19:47 of 2nd period - Sean Monahan wins face-off versus Elias Pettersson in neutral zone.
19:50 of 2nd period - Snap shot by Sean Monahan.
19:50 of 2nd period - Shot Blocked by Darren Raddysh.
19:52 of 2nd period - Slapshot by Tyler Toffoli.
19:52 of 2nd period - Stopped by Joey Daccord without a rebound.
19:53 of 2nd period - Sean Monahan wins face-off versus Elias Pettersson in Colorado Rockies zone.
Goals for this period are 3 for Vegas Golden Knights vs 1 for Colorado Rockies.
Shots for this period are 16 for Vegas Golden Knights vs 19 for Colorado Rockies.
3rd period
0:01 of 3rd period - Tim Stutzle wins face-off versus Mika Zibanejad in neutral zone.
1:02 of 3rd period - Icing by Tyler Toffoli.
1:03 of 3rd period - Sean Monahan wins face-off versus Elias Pettersson in Vegas Golden Knights zone.
1:16 of 3rd period - Slapshot by Thomas Chabot.
1:16 of 3rd period - Stopped by Joey Daccord with a rebound.
1:22 of 3rd period - Auston Matthews is hit by Andrew Peeke and loses puck.
1:41 of 3rd period - Wrist shot by Elias Pettersson.
1:41 of 3rd period - Deflect By Pavel Dorofeyev.
1:41 of 3rd period - Stopped by Mackenzie Blackwood without a rebound.
1:42 of 3rd period - Jordan Staal wins face-off versus Tim Stutzle in Vegas Golden Knights zone.
1:46 of 3rd period - Icing by Zach Bogosian.
1:47 of 3rd period - Reilly Smith wins face-off versus Tim Stutzle in Vegas Golden Knights zone.
1:54 of 3rd period - Wrist shot by Jordan Staal.
1:54 of 3rd period - Stopped by Joey Daccord with a rebound.
2:18 of 3rd period - Snap shot by Danton Heinen.
2:18 of 3rd period - Stopped by Mackenzie Blackwood with a rebound.
2:20 of 3rd period - Slapshot by Andrew Peeke.
2:20 of 3rd period - Shot Blocked by Roman Josi.
2:22 of 3rd period - Wrist shot by David Pastrnak.
2:22 of 3rd period - Deflect By Danton Heinen.
2:22 of 3rd period - Stopped by Mackenzie Blackwood without a rebound.
2:23 of 3rd period - Sean Monahan wins face-off versus Kevin Hayes in Vegas Golden Knights zone.
2:30 of 3rd period - Kyle Connor is hit by Sean Monahan and loses puck.
2:57 of 3rd period - Snap shot by Mika Zibanejad.
2:57 of 3rd period - Deflect By Auston Matthews.
2:57 of 3rd period - Shot Blocked by Casey Cizikas.
2:57 of 3rd period - Puck is out of play.
2:58 of 3rd period - Tim Stutzle wins face-off versus Mathew Barzal in Colorado Rockies zone.
3:07 of 3rd period - Wrist shot by Anthony Mantha.
3:07 of 3rd period - Goal by Anthony Mantha - Vegas Golden Knights : 5 - Colorado Rockies : 3.
3:08 of 3rd period - Sean Monahan wins face-off versus Kevin Hayes in neutral zone.
3:18 of 3rd period - Minor Penalty to Michael Bunting for Holding.
3:19 of 3rd period - Sean Monahan wins face-off versus Nick Schmaltz in Colorado Rockies zone.
3:25 of 3rd period - Snap shot by Tyler Toffoli.
3:25 of 3rd period - Shot Misses the Net.
3:55 of 3rd period - Wrist shot by Auston Matthews.
3:55 of 3rd period - Stopped by Joey Daccord with a rebound.
3:57 of 3rd period - Slapshot by Anthony Mantha.
3:57 of 3rd period - Deflect By Jesper Bratt.
3:57 of 3rd period - Goal by Anthony Mantha - Vegas Golden Knights : 6 - Colorado Rockies : 3.
3:58 of 3rd period - Casey Cizikas wins face-off versus Mika Zibanejad in neutral zone.
4:09 of 3rd period - Snap shot by Bryan Rust.
4:09 of 3rd period - Shot Blocked by Darren Raddysh.
4:31 of 3rd period - Slapshot by Darren Raddysh.
4:31 of 3rd period - Shot Misses the Net.
4:33 of 3rd period - Snap shot by Nick Schmaltz.
4:33 of 3rd period - Goal by Nick Schmaltz - Vegas Golden Knights : 6 - Colorado Rockies : 4.
4:34 of 3rd period - Tim Stutzle wins face-off versus Mathew Barzal in neutral zone.
4:59 of 3rd period - Tyler Toffoli is hit by Kyle Connor and loses puck.
5:06 of 3rd period - Wrist shot by Kyle Connor.
5:06 of 3rd period - Shot Blocked by Tyler Toffoli.
5:08 of 3rd period - Snap shot by Kyle Connor.
5:08 of 3rd period - Shot Misses the Net.
5:10 of 3rd period - Snap shot by Kevin Hayes.
5:10 of 3rd period - Stopped by Mackenzie Blackwood with a rebound.
5:12 of 3rd period - Slapshot by Martin Fehervary.
5:12 of 3rd period - Shot Blocked by Sean Monahan.
6:22 of 3rd period - Auston Matthews is hit by Darren Raddysh and loses puck.
7:40 of 3rd period - Roman Josi is hit by Kyle Connor and loses puck.
8:57 of 3rd period - Cam Fowler is hit by Mika Zibanejad and loses puck.
9:46 of 3rd period - Sean Monahan is hit by Martin Fehervary and loses puck.
10:11 of 3rd period - Snap shot by Thomas Chabot.
10:11 of 3rd period - Shot Blocked by Pavel Dorofeyev.
10:17 of 3rd period - Quinn Hughes is hit by Tyler Toffoli and loses puck.
11:34 of 3rd period - Elias Pettersson is hit by Mika Zibanejad and loses puck.
11:53 of 3rd period - Cole Smith is hit by Jesper Bratt and loses puck.
12:15 of 3rd period - Mathew Barzal is hit by Casey Cizikas.
12:27 of 3rd period - Bryan Rust is hit by Kyle Connor and loses puck.
12:44 of 3rd period - Sean Monahan is hit by Pavel Dorofeyev and loses puck.
12:45 of 3rd period - Sean Monahan from Vegas Golden Knights is injured at 12:45 of 3rd period (Strained Right Elbow).
12:46 of 3rd period - Elias Pettersson wins face-off versus Jordan Staal in Vegas Golden Knights zone.
12:52 of 3rd period - Off-side.
12:53 of 3rd period - Elias Pettersson wins face-off versus Jordan Staal in neutral zone.
13:05 of 3rd period - Snap shot by Reilly Smith.
13:05 of 3rd period - Stopped by Joey Daccord with a rebound.
13:07 of 3rd period - Snap shot by Jordan Staal.
13:07 of 3rd period - Stopped by Joey Daccord with a rebound.
13:09 of 3rd period - Snap shot by Reilly Smith.
13:09 of 3rd period - Stopped by Joey Daccord with a rebound.
13:43 of 3rd period - Danton Heinen is hit by Thomas Chabot.
13:53 of 3rd period - Darren Raddysh is hit by Mathew Barzal and loses puck.
14:10 of 3rd period - Slapshot by Cam Fowler.
14:10 of 3rd period - Stopped by Mackenzie Blackwood without a rebound.
14:11 of 3rd period - Mika Zibanejad wins face-off versus Kevin Hayes in Vegas Golden Knights zone.
14:18 of 3rd period - Snap shot by Michael Bunting.
14:18 of 3rd period - Stopped by Mackenzie Blackwood with a rebound.
14:20 of 3rd period - Slapshot by Quinn Hughes.
14:20 of 3rd period - Shot Misses the Net.
14:22 of 3rd period - Wrist shot by Kevin Hayes.
14:22 of 3rd period - Shot Blocked by Erik Johnson.
15:00 of 3rd period - Wrist shot by Tyler Toffoli.
15:00 of 3rd period - Shot Blocked by Pavel Dorofeyev.
15:02 of 3rd period - Wrist shot by Tyler Toffoli.
15:02 of 3rd period - Shot Blocked by Cam Fowler.
15:22 of 3rd period - Slapshot by David Pastrnak.
15:22 of 3rd period - Shot Misses the Net.
15:37 of 3rd period - Snap shot by Elias Pettersson.
15:37 of 3rd period - Stopped by Mackenzie Blackwood without a rebound.
15:38 of 3rd period - Jordan Staal wins face-off versus Kevin Hayes in Vegas Golden Knights zone.
15:49 of 3rd period - Wrist shot by Cole Smith.
15:49 of 3rd period - Stopped by Joey Daccord without a rebound.
15:50 of 3rd period - Casey Cizikas wins face-off versus Jordan Staal in Colorado Rockies zone.
16:22 of 3rd period - Snap shot by Mika Zibanejad.
16:22 of 3rd period - Stopped by Joey Daccord with a rebound.
17:09 of 3rd period - Slapshot by Kyle Connor.
17:09 of 3rd period - Shot Misses the Net.
17:11 of 3rd period - Slapshot by Martin Fehervary.
17:11 of 3rd period - Shot Blocked by Shea Theodore.
17:13 of 3rd period - Snap shot by Kevin Hayes.
17:13 of 3rd period - Shot Misses the Net.
17:15 of 3rd period - Wrist shot by Kyle Connor.
17:15 of 3rd period - Shot Blocked by Erik Johnson.
17:25 of 3rd period - Nick Schmaltz is hit by Reilly Smith.
17:37 of 3rd period - Pavel Dorofeyev is hit by Jordan Staal and loses puck.
17:52 of 3rd period - Quinn Hughes is hit by Shea Theodore and loses puck.
18:28 of 3rd period - Wrist shot by Auston Matthews.
18:28 of 3rd period - Stopped by Joey Daccord without a rebound.
18:29 of 3rd period - Mika Zibanejad wins face-off versus Kevin Hayes in Colorado Rockies zone.
18:43 of 3rd period - Icing by Vince Dunn.
18:44 of 3rd period - Kevin Hayes wins face-off versus Jordan Staal in Colorado Rockies zone.
18:44 of 3rd period - Kevin Hayes is hit by Jordan Staal.
18:52 of 3rd period - Snap shot by Thomas Chabot.
18:52 of 3rd period - Shot Blocked by Nick Schmaltz.
19:42 of 3rd period - Snap shot by Quinn Hughes.
19:42 of 3rd period - Stopped by Mackenzie Blackwood with a rebound.
19:44 of 3rd period - Slapshot by Cam Fowler.
19:44 of 3rd period - Stopped by Mackenzie Blackwood with a rebound.
Goals for this period are 2 for Vegas Golden Knights vs 1 for Colorado Rockies.
Shots for this period are 11 for Vegas Golden Knights vs 10 for Colorado Rockies.
Back to the Top